 Dungeon Crawl Stone Soup version 0.25.0-15-gac7dcb8919 (webtiles) character file.

Game seed: 14717176800322403503

7520 linguaignota the Geomancer (level 11, -7/74 HPs)
             Began as an Octopode Earth Elementalist on June 29, 2020.
             Was an Initiate of Ashenzari.
             Mangled by a fire dragon (9 damage)
             ... on level 9 of the Dungeon.
             The game lasted 00:35:58 (15439 turns).

linguaignota the Geomancer (OpEE)                  Turns: 15439, Time: 00:35:59

Health: -7/74      AC:  1    Str: 10    XL:     11   Next: 16%
Magic:  4/20       EV: 15    Int: 19    God:    Ashenzari [......]
Gold:   519        SH:  0    Dex: 12    Spells: 4/22 levels left

rFire    . . .     SeeInvis .   u - +5 quarterstaff (chaos) (curse)
rCold    . . .     Gourm    .   (shield currently unavailable)
rNeg     + . .     Faith    .   (helmet restricted)
rPois    +         Spirit   .   (no amulet)
rElec    .         Reflect  .   f - ring of positive energy
rCorr    .         Harm     .   j - ring of poison resistance
MR       .....                  (no ring)
Stlth    +++++.....             (no ring)
HPRegen  0.22/turn              (no ring)
MPRegen  0.17/turn              (no ring)
                                (no ring)
                                (no ring)

@: no status effects
A: almost no armour, stealthy swim, amphibious, 8 rings, constrict 8, camouflage
1, gelatinous body 1
a: Curse Item, Renounce Religion


You were on level 9 of the Dungeon.
You worshipped Ashenzari.
Ashenzari was noncommittal.
You were not hungry.

You visited 2 branches of the dungeon, and saw 10 of its levels.
You also visited: Sewer.

You collected 819 gold pieces.
You spent 300 gold pieces at shops.

Inventory:

Hand Weapons
 u - a cursed +5 quarterstaff of chaos (weapon)
Missiles
 a - 5 curare-tipped darts
 b - 218 stones (quivered)
 h - 53 poisoned darts
 n - 5 silver javelins
Armour
 e - a +2 kite shield
Jewellery
 f - a ring of positive energy (left tentacle)
 j - a ring of poison resistance (right tentacle)
Wands
 w - a wand of digging (5)
Scrolls
 m - 6 scrolls of teleportation
 q - a scroll of enchant armour
 t - a scroll of magic mapping
 v - a scroll of remove curse
 y - 4 scrolls of enchant weapon
 z - 3 scrolls of identify
 A - a scroll of silence
 B - a scroll of immolation {unknown}
Potions
 d - a potion of stabbing {unknown}
 g - a potion of brilliance
 i - 10 potions of curing
 k - 2 potions of resistance {unknown}
 l - 5 potions of flight
 o - 4 potions of lignification
 p - 3 potions of heal wounds
 r - 2 potions of mutation {unknown}
 s - 3 potions of magic {unknown}
 x - a potion of ambrosia {unknown}
Comestibles
 c - 16 rations


   Skills:
 - Level 6.9 Fighting
   Level 0.3 Axes
 - Level 5.2 Staves
 - Level 4.8 Dodging
 - Level 7.6 Stealth
 - Level 2.3 Shields
 + Level 6.0 Spellcasting
 - Level 2.1 Conjurations
 - Level 3.3 Transmutations
 - Level 1.0 Air Magic
 - Level 9.3 Earth Magic
 * Level 4.2 Poison Magic
 - Level 2.1 Evocations


You had 4 spell levels left.
You knew the following spells:

 Your Spells              Type           Power        Failure   Level  Hunger
a - Sandblast             Erth           #####.       1%          1    None
b - Passwall              Tmut/Erth      ####....     1%          2    None
c - Stone Arrow           Conj/Erth      ####..       3%          3    ##.....
d - Lee's Rapid Deconstr  Erth           #####.....   7%          5    #####..
e - Petrify               Tmut/Erth      ####....     9%          4    ####...
f - Mephitic Cloud        Conj/Pois/Air  ###.....     12%         3    ##.....

Your spell library contained the following spells:

 Spells                   Type           Power        Failure   Level  Hunger
 Sting                    Tmut/Pois      ###.         2%          1    None
 Poisonous Vapours        Pois/Air       ###...       6%          2    None
 Ignite Poison            Fire/Tmut/Pois ###.....     12%         3    ##.....
 Olgreb's Toxic Radiance  Pois           ###.....     19%         4    ####...


Dungeon Overview and Level Annotations

Branches:
Dungeon (9/15)             Temple (1/1) D:5            Lair (0/6) D:8
  Sewer (visited)
    Orc: D:9-12

Altars:
Ashenzari
Cheibriados
Dithmenos
Elyvilon
Fedhas
Gozag
Hepliaklqana
Kikubaaqudgha
Makhleb
Nemelex Xobeh
Okawaru
Qazlal
Ru
Sif Muna
Trog
Uskayaw
Vehumet
Wu Jian
Xom
Yredelemnul
Zin
The Shining One

Shops:
D:6 =}   D:7 *   D:9 [


Innate Abilities, Weirdness & Mutations

You cannot wear most types of armour.
You are very stealthy in the water. (Stealth+)
You are amphibious.
You can wear up to eight rings at the same time.
You can use your tentacles to constrict eight enemies at once.
Your skin changes colour to match your surroundings (Stealth+).
Your rubbery body absorbs attacks. (AC +1, EV +1)


Message History

* * * LOW HITPOINT WARNING * * *
The fire dragon barely misses you. x2
Unknown command.
It was a potion of heal wounds.
You feel much better. The fire dragon closely misses you.
The fire dragon barely misses you. x2
You feel much better. The fire dragon bites you. The fire dragon claws you!
The fire dragon completely misses you.
You hit the fire dragon.
The fire dragon is severely wounded.
The fire dragon bites you! The fire dragon claws you!
* * * LOW HITPOINT WARNING * * *
The fire dragon tramples you.
* * * LOW HITPOINT WARNING * * *
You stumble backwards!
You feel much better. The fire dragon bites you!
* * * LOW HITPOINT WARNING * * *
The fire dragon claws you!
* * * LOW HITPOINT WARNING * * *
The fire dragon tramples you!
You die...

#.#
#...........
#.#
####........
##.#
##.......
#..#
#.......
#.##
######## #.#
##.# #..#
##.@##
##..D.##
#......#
##......#
#.......##
#........#
#§§......#
#§§≈.....#
#≈≈≈≈≈..≈#


You could see a fire dragon.

Vanquished Creatures
  A two-headed ogre (D:9)
  Erica (D:8)
  Pikel (D:6)
  Grinder (D:3)
  A vampire (D:9)
  A hungry ghost (D:8)
  Edmund (D:6)
  2 soldier ants
  3 orc warriors
  3 ice beasts
  2 sky beasts
  2 black bears (D:7)
  A slave (D:6)
  A black bear (shapeshifter) (D:6)
  A boggart (D:6)
  2 necrophages (D:7)
  6 ogres
  4 centaurs
  Blork the orc (D:5)
  4 big kobolds
  A wyvern zombie (D:8)
  4 bullfrogs
  4 scorpions
  A water moccasin skeleton (D:4)
  3 killer bees (D:8)
  4 jellies
  An electric eel (D:7)
  A crimson imp (D:7)
  A bullfrog zombie (D:7)
  4 hounds
  A quasit (D:7)
  A centaur skeleton (D:7)
  2 centaur zombies
  A gnoll shaman (D:2)
  11 orc priests
  8 orc wizards
  Crazy Yiuf (D:3)
  A bullfrog skeleton (D:6)
  Ijyb (D:5)
  2 iguanas (D:9)
  4 worker ants
  2 worker ant zombies
  15 adders
  17 gnolls
  A howler monkey skeleton (D:7)
  2 river rats
  2 shadow imps
  5 oozes
  6 worms
  3 dart slugs
  5 leopard geckos
  40 orcs
  4 ball pythons
  4 bats
  3 giant cockroaches
  13 goblins
  8 hobgoblins
  13 jackals
  15 kobolds
  A quokka (D:8)
  5 frilled lizards
  A jackal zombie (D:6)
  A leopard gecko zombie (D:5)
  7 rats
269 creatures vanquished.

Notes
Turn   | Place    | Note
-------+----------+-------------------------------------------
     0 | D:1      | linguaignota the Octopode Earth Elementalist began the
                  | quest for the Orb.
     0 | D:1      | Reached XP level 1. HP: 11/11 MP: 3/3
   292 | D:1      | Reached XP level 2. HP: 17/17 MP: 5/5
  1052 | D:1      | Reached skill level 4 in Earth Magic
  1059 | D:1      | Learned a level 2 spell: Passwall
  1259 | D:1      | Reached XP level 3. HP: 21/21 MP: 6/6
  1622 | D:2      | Reached XP level 4. HP: 16/27 MP: 3/7
  1947 | D:2      | Learned a level 3 spell: Stone Arrow
  1981 | D:2      | Reached skill level 1 in Conjurations
  1993 | D:2      | Reached XP level 5. HP: 30/31 MP: 4/8
  2037 | D:2      | Reached skill level 5 in Earth Magic
  3260 | D:3      | Noticed Grinder
  3265 | D:3      | Killed Grinder
  3265 | D:3      | Reached XP level 6. HP: 16/39 MP: 4/11
  3699 | D:3      | Reached XP level 7. HP: 45/45 MP: 9/12
  3894 | D:3      | Found an ornate altar of the Wu Jian Council.
  4211 | D:3      | Found a runed translucent door.
  4212 | D:3      | Noticed Crazy Yiuf
  4219 | D:3      | Killed Crazy Yiuf
  4335 | D:4      | Learned a level 5 spell: Lee's Rapid Deconstruction
  5054 | D:4      | Reached skill level 5 in Fighting
  5468 | D:4      | Reached XP level 8. HP: 56/56 MP: 7/14
  5605 | D:4      | Reached skill level 6 in Earth Magic
  5847 | D:5      | Entered Level 5 of the Dungeon
  6063 | D:5      | Reached skill level 7 in Earth Magic
  6360 | D:5      | Reached skill level 8 in Earth Magic
  6640 | D:5      | Noticed Ijyb
  6649 | D:5      | Killed Ijyb
  6749 | D:5      | Found a staircase to the Ecumenical Temple.
  6783 | Temple   | Entered the Ecumenical Temple
  6819 | D:5      | Reached skill level 1 in Evocations
  6910 | D:5      | Noticed Blork the orc
  6917 | D:5      | Killed Blork the orc
  6917 | D:5      | Reached XP level 9. HP: 61/61 MP: 5/15
  7297 | D:5      | Found a burning altar of Makhleb.
  7299 | D:5      | Noticed a blizzard demon
  7303 | D:5      | Noticed a hellwing
  7475 | D:6      | Found a glowing drain.
  7491 | Sewer    | Entered a sewer
  8216 | D:6      | Noticed Edmund
  8223 | D:6      | Killed Edmund
  8768 | D:6      | Found a radiant altar of Vehumet.
  8776 | D:6      | Found Cunuix's Gadget Boutique.
  8850 | D:6      | Noticed Pikel
  8862 | D:6      | Killed Pikel
  8862 | D:6      | Reached skill level 5 in Spellcasting
  8877 | D:6      | Found Wizus's Jewellery Shoppe.
  9148 | D:7      | Learned a level 4 spell: Petrify
  9300 | D:7      | Reached skill level 1 in Staves
  9300 | D:7      | Reached XP level 10. HP: 45/69 MP: 19/19
  9420 | D:7      | Found Fyxtoife's General Store.
  9455 | D:7      | Found a bloodstained altar of Trog.
 10391 | D:7      | Noticed Maggie
 10433 | D:7      | Noticed Maggie
 10433 | D:7      | Maggie changed into Maggie the soldier ant
 10437 | D:7      | Killed Maggie the soldier ant
 10437 | D:7      | Reached skill level 5 in Staves
 11263 | D:8      | Reached skill level 9 in Earth Magic
 11865 | D:8      | Found a shattered altar of Ashenzari.
 11866 | D:8      | Found an opulent altar of Gozag.
 11866 | D:8      | Found a sacrificial altar of Ru.
 12434 | D:8      | Found a glowing golden altar of the Shining One.
 12434 | D:8      | Found a radiant altar of Vehumet.
 12445 | D:8      | Found a blossoming altar of Fedhas.
 12445 | D:8      | Found a basalt altar of Yredelemnul.
 12446 | D:8      | Found a shadowy altar of Dithmenos.
 12448 | D:8      | Became a worshipper of Ashenzari the Shackled
 12483 | D:6      | Bought an uncursed ring of poison resistance for 300 gold
                  | pieces
 13125 | D:8      | Found a sacrificial altar of Ru.
 13140 | D:8      | Reached skill level 5 in Stealth
 13310 | D:8      | Noticed Erica
 13322 | D:8      | Killed Erica
 13477 | D:8      | Reached skill level 1 in Shields
 13662 | D:8      | Reached XP level 11. HP: 57/73 MP: 2/20
 13871 | D:8      | Found a staircase to the Lair.
 14166 | D:9      | Learned a level 3 spell: Mephitic Cloud
 14243 | D:9      | Reached skill level 1 in Air Magic
 14243 | D:9      | Reached skill level 1 in Poison Magic
 14469 | D:9      | Noticed a fire dragon
 14533 | D:9      | Found Surhaad's Antique Armour Boutique.
 14593 | D:9      | Noticed a two-headed ogre
 14603 | D:9      | Killed a two-headed ogre
 15143 | D:9      | Found a snail-covered altar of Cheibriados.
 15439 | D:9      | HP: 2/74 [fire dragon (11)]
 15439 | D:9      | Mangled by a fire dragon

Illustrated notes

Levels and vault maps discovered:
D:1:      minmay_arrival_plants_in_alcoves, layout_basic, serial_corexii_hall,
          chequers_hall_statues_wall_a, chequers_hall_statues_wall_a,
          minmay_misc_feat_tiny
D:2:      layout_basic, minivault_4
D:3:      layout_loops_cross, lemuel_crystal_altar, minmay_goblin_outpost,
          uniq_crazy_yiuf_cottage, uniq_grinder
D:4:      layout_layer_cave, kennysheep_generic_room_6
D:5:      layout_basic, temple_hall, first_ration, minmay_misc_feat_tower,
          makhleb_altar_promises_db, uniq_blork_the_orc, uniq_ijyb
D:6:      layout_loops_cross, serial_shops, shop, nicolae_shop_window_shopping,
          cheibrodos_sewer_entry_sluice, enter_ossuary_3, basic_altar,
          uniq_edmund, uniq_pikel
D:7:      minmay_recursive_quarters, layout_rooms, trog_ov_bears_minmay,
          serial_shops, kennysheep_mini_moat, lightli_minifort, uniq_maggie
D:8:      minmay_goldmine, layout_gridville, grunt_temple_overflow_open,
          lair_entry_dummy, hangedman_little_slice_of_home,
          nicolae_ru_awakened_eye, uniq_erica
D:9:      dragon1_lemuel, layout_basic, cheibrodos_worm_habitat, serial_shops,
          shop, nicolae_underground_beach
Temple:   minmay_freezing_vapour_temple

Skill      XL: |  1  2  3  4  5  6  7  8  9 10 11 |
---------------+----------------------------------+-----
Earth Magic    | 4 5 8 9 |  9.3
Conjurations   | 2 |  2.1
Fighting       | 2 5 6 |  6.9
Spellcasting   | 3 4 6 |  6.0
Evocations     | 2 |  2.1
Transmutations | 2 3 |  3.3
Dodging        | 4 |  4.8
Staves         | 1 5 |  5.2
Stealth        | 7 |  7.6
Shields        | 2 |  2.3
Air Magic      | 1 |  1.0
Poison Magic   | 4 |  4.2
Axes           | |  0.3

Action                   |  1- 3 |  4- 6 |  7- 9 | 10-12 || total
-------------------------+-------+-------+-------+-------++-------
Melee: Unarmed           |    16 |       |       |       ||    16
       Constrict         |    28 |    17 |    36 |    33 ||   114
       Tentacles         |    17 |     8 |    24 |    30 ||    79
       Hand axe          |    62 |    25 |       |       ||    87
       Spear             |       |    33 |    11 |       ||    44
       Quarterstaff      |       |       |   158 |   177 ||   335
Throw: Stone             |       |    16 |     1 |       ||    17
       Javelin           |       |     1 |     1 |     1 ||     3
       Dart              |       |       |    12 |     8 ||    20
 Cast: Sandblast         |     7 |    27 |    52 |    18 ||   104
       Stone Arrow       |       |       |    14 |     9 ||    23
       Lee's Rapid Decon |       |       |     5 |    25 ||    30
       Petrify           |       |       |       |     5 ||     5
Invok: Curse Item        |       |       |       |     1 ||     1
  Use: Scroll            |     2 |     2 |     9 |     4 ||    17
       Potion            |       |       |       |     3 ||     3
 Stab: Sleeping          |     9 |     1 |    13 |     5 ||    28
       Petrified         |       |       |     2 |    14 ||    16
       Petrifying        |       |       |     1 |     2 ||     3
       Confused          |       |       |     1 |       ||     1
       Distracted        |       |       |       |     3 ||     3
       Paralysed         |       |       |       |     1 ||     1
  Eat: Chunk             |     2 |     7 |    20 |    21 ||    50
       Ration            |       |       |       |     3 ||     3
Armor: Skin              |    11 |     4 |    14 |     6 ||    35
Dodge: Dodged            |    55 |    39 |   120 |   143 ||   357
